 Dungeon Crawl Stone Soup version 0.24-a0-464-g6b2be6b8c7 (webtiles) character file.

Game seed: 12377189753128293647

95 deorigin the Slasher (level 4, -6/33 HPs)
             Began as a Demonspawn Gladiator on July 3, 2019.
             Killed by nerve-wracking pain
             ... invoked by an orc priest
              (12 damage)
             ... on level 2 of the Dungeon.
             The game lasted 00:03:39 (1110 turns).

deorigin the Slasher (Demonspawn Gladiator)         Turns: 1110, Time: 00:03:40

Health: -6/33      AC:  8    Str: 15    XL:     4   Next: 39%
Magic:  4/4        EV:  9    Int:  9    God:
Gold:   118        SH:  0    Dex: 15    Spells: 3/3 levels left

rFire    . . .     SeeInvis .   a - +0 long sword
rCold    . . .     Gourm    .   p - +0 buckler
rNeg     . . .     Faith    .   n - +0 scale mail
rPois    .         Spirit   .   c - +0 helmet
rElec    .         Reflect  .   q - +0 cloak
rCorr    .         Harm     .   (no gloves)
MR       .....                  (no boots)
Stlth    ..........             (no amulet)
HPRegen  0.11/turn              (no ring)
MPRegen  0.09/turn              (no ring)

@: confused
A: powered by death 1
a: no special abilities


You were on level 2 of the Dungeon.
You were not hungry.

You visited 1 branch of the dungeon, and saw 2 of its levels.

You collected 118 gold pieces.

Inventory:

Hand Weapons
 a - a +0 long sword (weapon)
 o - a +0 hunting sling
Missiles
 d - a throwing net (quivered)
 u - 39 bolts
 w - 5 javelins
 x - 4 poisoned darts
Armour
 b - a +0 leather armour
 c - a +0 helmet (worn)
 h - a +0 ring mail
 n - a +0 scale mail (worn)
 p - a +0 buckler (worn)
 q - a +0 cloak (worn)
Jewellery
 l - a +5 ring of dexterity {unknown}
 s - an uncursed ring of wizardry {unknown}
Scrolls
 e - 2 scrolls of remove curse {unknown}
 i - 4 scrolls of identify {unknown}
 j - a scroll of teleportation {unknown}
 t - a scroll of blinking {unknown}
 y - a scroll of fog {unknown}
Potions
 k - a potion of heal wounds {unknown}
 m - a potion of curing {unknown}
 r - a potion of haste {unknown}
 v - a potion of agility {unknown}
Comestibles
 f - 7 rations
 g - 9 chunks of flesh


   Skills:
 - Level 2.0 Fighting
 + Level 4.8 Long Blades
 - Level 1.7 Throwing
 - Level 2.6 Dodging


You had 3 spell levels left.
You didn't know any spells.
Your spell library was empty.

Dungeon Overview and Level Annotations

Branches:
Dungeon (2/15)

Altars:
Kikubaaqudgha

Annotations:
D:2 1 runed translucent door, Crazy Yiuf


Innate Abilities, Weirdness & Mutations

You regenerate a little health from kills.


Message History

The orc hits you.
The orc priest invokes the aid of Beogh against you.
Pain shoots through your body!
The orc priest struggles against the net.
Your shield and scale mail prevent you from hitting the orc priest.
The orc priest is heavily wounded.
Something hits you but does no damage. The orc hits you.
* * * LOW HITPOINT WARNING * * *
You bump into the rock wall.
Something hits you.
* * * LOW HITPOINT WARNING * * *
The orc hits you.
* * * LOW HITPOINT WARNING * * *
The orc priest struggles against the net.
Unknown command.
You hit the orc priest.
The orc priest is severely wounded.
Something hits you but does no damage. The orc hits you but does no damage.
The orc priest calls down the wrath of Beogh upon you.
Pain shoots through your body!
You die...

#.#.......# ##...##........ ..#
..#######..####.<.###............
.##### #........รท)...P.###...##
....... ....####.###...P.#.P..
####### .<.......# #........ #
.(.......# ###...... # .......)##
##...# ..!...o.# #### ......{@#
.......o# ........# ........#
.......(# ########. . #


You could see an orc priest (caught) and an orc.

Vanquished Creatures
  Jessica (D:2)
  3 adders (D:2)
  A dart slug (D:1)
  A leopard gecko (D:2)
  2 orcs (D:2)
  3 bats
  A giant cockroach (D:2)
  5 goblins
  8 hobgoblins
  3 frilled lizards (D:1)
  2 kobolds (D:1)
  10 rats
40 creatures vanquished.

Notes
Turn   | Place    | Note
-------+----------+-------------------------------------------
     0 | D:1      | deorigin the Demonspawn Gladiator began the quest for the
                  | Orb.
     0 | D:1      | Reached XP level 1. HP: 16/16 MP: 1/1
   121 | D:1      | Reached skill level 3 in Long Blades
   174 | D:1      | Gained mutation: You regenerate a little health from kills.
                  | [demonic ancestry]
   174 | D:1      | Reached XP level 2. HP: 20/22 MP: 2/2
   727 | D:2      | Noticed Jessica
   738 | D:2      | Killed Jessica
   738 | D:2      | Reached skill level 4 in Long Blades
   738 | D:2      | Reached XP level 3. HP: 24/27 MP: 3/3
   802 | D:2      | Found a runed translucent door.
   803 | D:2      | Noticed Crazy Yiuf
  1001 | D:2      | Reached XP level 4. HP: 33/33 MP: 4/4
  1064 | D:2      | Found an ancient bone altar of Kikubaaqudgha.
  1110 | D:2      | Killed from afar by an orc priest

Levels and vault maps discovered:
D:1:      dpeg_arrival_tiny_h, layout_basic
D:2:      layout_rooms, kiku_gazebo_garden_becter, first_ration,
          uniq_crazy_yiuf_cottage, uniq_jessica

Skill      XL: |  1  2 |
---------------+-------+-----
Long Blades    | 3 4 |  4.8
Fighting       | |  2.0
Throwing       | |  1.7
Dodging        | |  2.6

Action                   |  1- 3 |  4- 6 || total
-------------------------+-------+-------++-------
Melee: Long sword        |    79 |    33 ||   112
Throw: Throwing net      |       |     2 ||     2
  Eat: Chunk             |       |     1 ||     1
Armor: Ring mail         |     2 |       ||     2
       Scale mail        |    45 |    20 ||    65
Dodge: Dodged            |    43 |    20 ||    63
Block: Buckler           |    13 |     6 ||    19
       Rpst.: Long sword |    16 |     7 ||    23

Table legend:
 A = Non-vault XP
 B = Vault XP
 C = Vault XP percentage of total XP
 D = Non-vault monster count
 E = Vault monster count
 F = Vault count percentage of total count
                 A         B        C        D         E       F
            +---------+---------+-------+---------+---------+-------
      Total |      99 |      37 |  27.2 |      39 |       1 |   2.5
            +---------+---------+-------+---------+---------+-------
        D:1 |      31 |       0 |   0.0 |      20 |       0 |   0.0
        D:2 |      68 |      37 |  35.2 |      19 |       1 |   5.0
            +---------+---------+-------+---------+---------+-------
